Map: 霓虹广场 - 天梯版

Players

Neeb - Winner!

  • Race: Protoss Protoss
  • Spawn Location: 5:00

herO

  • Race: Protoss Protoss
  • Spawn Location: 11:00

Event: 2018 Hangzhou StarCraft Carnival

VOD

Have the link to the VOD?

Description

Time

  • Played on: May 1, 2018, 4:02 a.m.
  • Length: 8:55

All games in this series

Show
View Real Time Build Order
Export as new Build Order

Neeb Protoss - Winner!

Build Orders: Oracle Opening 

Get SALT Encoding   

  12  0:00  Probe  
  13  0:12  Probe  
  14  0:17  Pylon  
  14  0:24  Probe  
  15  0:32  Probe  
  15  0:37  Gateway  
  15  0:40  Probe  
  16  0:47  Assimilator  
  17  0:51  Probe  
  17  0:56  Assimilator  
  18  0:59  Probe  
  19  1:08  Probe  
  19  1:09  Gateway  
  20  1:19  Probe  
  21  1:26  Cybernetics Core  
  21  1:31  Probe  
  22  1:37  Pylon  
  22  1:43  Probe  
  23  1:48  Pylon  
  23  1:55  Probe  
  23  1:59  Adept  
  24  2:06  Stargate  
  26  2:13  Adept  
  28  2:16  Warp Gate  
  28  2:25  Pylon  
  28  2:26  Probe  
  29  2:35  Stalker  
  31  2:40  Probe  
  35  2:51  Oracle  
  35  3:00  Stalker  
  35  3:04  Shield Battery  
  37  3:24  Probe  
  37  3:26  Oracle, Shield Battery  
  38  3:29  Pylon  
  38  3:36  Probe  
  40  3:48  Probe  
  34  4:00  Probe  
  35  4:11  Probe  
  36  4:19  Probe  
  37  4:28  Probe  
  37  4:29  Stalker x2  
  42  4:39  Twilight Council  
  38  4:52  Stalker x2  
  38  4:55  Pylon  
  40  5:07  Phoenix  
  41  5:25  Probe  
  41  5:28  Blink  
  38  5:37  Probe  
  40  5:50  Probe  
  40  6:00  Nexus  
  40  6:02  Probe  
  41  6:14  Probe  
  42  6:25  Robotics Facility  
  42  6:26  Probe  
  42  6:31  Stalker  
  45  6:36  Stalker  
  45  6:38  Probe  
  48  6:50  Probe  
  49  6:57  Stalker  
  49  7:00  Stalker  
  53  7:02  Probe  
  54  7:13  Probe  
  54  7:14  Probe  
  56  7:18  Observer  
  57  7:25  Probe  
  57  7:26  Probe  
  57  7:28  Stalker  
  57  7:29  Stalker  
  63  7:33  Probe  
  63  7:36  Shield Battery  
  63  7:38  Probe  
  63  7:42  Observer, Probe  
  66  7:50  Probe  
  68  7:52  Stalker x2, Probe  
  68  7:57  Pylon  
  73  8:03  Probe  
  74  8:10  Probe  
  75  8:15  Probe  
  76  8:23  Probe  
  75  8:27  Probe  
  76  8:35  Probe  
  76  8:37  Stalker x2  
  76  8:39  Probe  
  76  8:40  Nexus  
  82  8:44  Pylon  
Show
View Real Time Build Order
Export as new Build Order

herO Protoss 

Build Orders: Oracle Opening 

Get SALT Encoding   

  12  0:00  Probe  
  13  0:12  Probe  
  14  0:18  Pylon  
  14  0:24  Probe  
  15  0:32  Probe  
  15  0:37  Gateway  
  15  0:40  Probe  
  16  0:46  Assimilator  
  17  0:50  Probe  
  17  0:55  Assimilator  
  18  0:58  Probe  
  19  1:07  Probe  
  19  1:09  Gateway  
  20  1:18  Probe  
  21  1:26  Cybernetics Core  
  21  1:31  Probe  
  22  1:37  Pylon  
  22  1:43  Probe  
  24  2:02  Pylon  
  24  2:03  Adept x2  
  24  2:05  Warp Gate  
  27  2:09  Probe  
  28  2:24  Stargate  
  28  2:31  Stalker  
  28  2:35  Stalker  
  32  2:44  Shield Battery  
  31  2:56  Oracle, Probe  
  35  3:22  Shield Battery  
  35  3:24  Oracle  
  36  3:50  Probe  
  36  3:53  Robotics Facility  
  36  4:03  Probe  
  31  4:10  Stalker  
  31  4:13  Stalker  
  31  4:15  Probe  
  31  4:25  Probe  
  32  4:33  Probe  
  32  4:37  Stalker  
  35  4:41  Probe  
  36  4:53  Probe  
  35  5:05  Probe  
  35  5:13  Probe  
  35  5:20  Pylon  
  35  5:21  Probe  
  37  5:32  Probe  
  38  5:37  Robotics Facility  
  38  5:44  Probe  
  39  5:56  Probe  
  37  6:05  Sentry  
  37  6:08  Probe  
  40  6:15  Immortal  
  40  6:19  Sentry  
  40  6:20  Probe  
  47  6:30  Pylon  
  47  6:46  Nexus  
  47  7:01  Immortal  
  52  7:10  Sentry  
  52  7:13  Pylon  
  54  7:31  Warp Prism  
  54  7:33  Gateway  
  53  7:43  Sentry  
  53  7:44  Sentry  
  59  8:07  Stalker x2  
  35  8:35  Stalker  
  31  8:41  Stalker x2  
Tags
 
Add a new tag
Caveats
  • Supply blocks, unpowered buildings, or Contaminate may cause inaccurate times.
  • Supply counts are checked every 10 seconds.